Map: 테라폼 - 래더 (공허)

Players

qxc - Winner!

  • Race: Terran Terran
  • League: Diamond

BIGBOY (Patience)

  • Race: Protoss Protoss
  • League: Diamond

Event: ASL Season 5 Prime League LOTV Beta

VOD

Have the link to the VOD?

Description

Time

  • Played on: Sept. 21, 2015, 12:13 p.m.
  • Length: 10:45

All games in this series

Show
View Real Time Build Order
Export as new Build Order

qxc Terran - Winner!

Build Orders: MMM Bio 

Get SALT Encoding   

  12  0:01  SCV  
  13  0:13  SCV  
  14  0:18  Supply Depot  
  14  0:25  SCV  
  15  0:39  SCV  
  15  0:41  Barracks  
  16  0:45  Refinery  
  16  0:51  SCV  
  17  1:03  SCV  
  18  1:08  Engineering Bay  
  18  1:16  SCV  
  19  1:29  Barracks Reactor, Orbital Command  
  19  1:34  Supply Depot  
  19  1:55  SCV  
  20  2:06  Marine x2  
  22  2:11  Command Center  
  22  2:13  SCV  
  23  2:20  Factory  
  23  2:24  Marine  
  23  2:25  Marine  
  23  2:28  SCV  
  26  2:41  SCV  
  27  2:46  Refinery  
  27  2:47  Marine x2  
  28  2:53  SCV  
  28  2:56  Bunker  
  29  3:00  Supply Depot  
  29  3:05  SCV  
  30  3:06  Factory Tech Lab, Marine  
  31  3:21  SCV, Marine  
  31  3:27  Cyclone, Orbital Command  
  32  3:28  Marine  
  32  3:30  Mag-Field Accelerator  
  32  3:34  SCV  
  37  3:38  Supply Depot  
  37  3:41  Marine  
  37  3:46  SCV, Marine  
  40  3:53  SCV  
  41  3:58  SCV  
  41  3:59  Cyclone, Marine  
  46  4:03  Marine  
  46  4:05  SCV  
  48  4:10  Engineering Bay  
  48  4:11  SCV  
  49  4:17  SCV  
  49  4:18  Supply Depot  
  49  4:20  Marine  
  49  4:21  Marine  
  49  4:23  SCV  
  52  4:30  SCV  
  53  4:35  SCV  
  53  4:37  Missile Turret  
  54  4:39  Missile Turret  
  54  4:42  SCV, Cyclone  
  58  4:48  Marine x2  
  58  4:49  SCV  
  61  4:53  Supply Depot  
  61  4:54  SCV  
  62  5:01  SCV  
  62  5:06  SCV, Marine x2  
  66  5:13  SCV  
  67  5:18  Barracks x2  
  67  5:19  SCV  
  67  5:26  SCV, Marine x2  
  67  5:28  Factory Reactor  
  70  5:31  SCV  
  71  5:38  SCV  
  71  5:41  Terran Infantry Weapons Level 1  
  71  5:42  Supply Depot x2  
  72  5:43  SCV  
  72  5:48  Marine x2  
  75  5:50  SCV  
  75  5:51  Starport  
  75  5:55  SCV  
  77  6:02  SCV  
  77  6:07  SCV, Barracks Tech Lab  
  77  6:09  Marine x2  
  80  6:14  SCV, Refinery  
  80  6:15  Command Center, Refinery  
  81  6:23  SCV  
  81  6:29  Stimpack, Marine x2  
  81  6:30  Combat Shields, Marauder x2  
  81  6:32  SCV, Supply Depot  
  88  6:35  SCV  
  89  6:44  SCV  
  89  6:46  Medivac  
  89  6:47  Factory Reactor, Medivac  
  94  6:53  Barracks  
  94  6:54  Supply Depot, Barracks, SCV  
  95  6:56  SCV  
  92  7:06  SCV  
  90  7:08  SCV  
  90  7:10  Marauder x2, Marine x2  
  97  7:18  SCV, Medivac x2  
  97  7:20  SCV  
  103  7:30  SCV, Missile Turret  
  103  7:31  Sensor Tower  
  103  7:32  SCV  
  103  7:33  Missile Turret  
  103  7:36  Missile Turret  
  110  7:37  Marine x2, Marauder x2  
  110  7:42  SCV  
  112  7:44  Barracks Reactor  
  112  7:45  SCV  
  112  7:47  Medivac  
  112  7:48  Medivac  
  114  7:55  Widow Mine x2  
  114  7:56  SCV  
  117  8:00  Terran Infantry Armor Level 1  
  117  8:02  Barracks Tech Lab  
  117  8:05  SCV, Marauder x2, Marine x2  
  123  8:08  Orbital Command  
  123  8:11  Bunker  
  124  8:13  SCV, Supply Depot  
  124  8:15  Missile Turret  
  124  8:19  Supply Depot  
  125  8:26  Supply Depot x2, Marine  
  125  8:27  Supply Depot x2  
  121  8:35  Widow Mine x2, Medivac x2  
  121  8:39  Marauder x2  
  121  8:40  Marine x2  
  121  8:41  Marauder  
  137  8:46  Supply Depot  
  137  8:52  Armory, Engineering Bay  
  137  8:54  Marine  
  138  9:00  Missile Turret, Marauder  
  140  9:07  Widow Mine x2  
  142  9:21  Refinery, Starport  
  142  9:22  Command Center, Refinery, Marine x4  
  144  9:33  Marauder x3  
  144  9:37  Missile Turret  
  150  9:39  Widow Mine x2  
  150  9:40  Marine x2  
  149  9:50  Marine x2  
  151  9:54  Marauder x3  
  151  9:57  Marine  
  152  10:00  Marine  
  149  10:07  Marine  
  149  10:09  Marine  
  149  10:11  Widow Mine x2  
  153  10:15  Marauder, Marine  
  153  10:16  Marauder  
Show
View Real Time Build Order
Export as new Build Order

BIGBOY Protoss 

Build Orders: Oracle Opening 

Get SALT Encoding   

  12  0:01  Probe (Chrono Boost)  
  13  0:11  Probe (Chrono Boost)  
  14  0:19  Pylon  
  14  0:21  Probe (Chrono Boost)  
  15  0:37  Probe (Chrono Boost)  
  15  0:41  Gateway  
  16  0:47  Probe (Chrono Boost)  
  16  0:48  Assimilator  
  17  0:54  Assimilator  
  17  0:56  Probe (Chrono Boost)  
  18  1:07  Probe (Chrono Boost)  
  19  1:11  Pylon  
  19  1:17  Probe (Chrono Boost)  
  20  1:27  Probe (Chrono Boost)  
  21  1:33  Cybernetics Core  
  21  1:37  Probe (Chrono Boost)  
  21  1:38  Zealot  
  24  1:47  Probe (Chrono Boost)  
  25  1:57  Probe (Chrono Boost)  
  26  2:06  Probe (Chrono Boost)  
  27  2:10  Adept  
  27  2:13  Warp Gate  
  29  2:16  Mothership Core (Chrono Boost)  
  31  2:23  Pylon  
  31  2:34  Stargate  
  31  2:41  Probe (Chrono Boost)  
  32  2:52  Nexus  
  32  2:54  Probe (Chrono Boost)  
  33  3:02  Sentry  
  33  3:05  Probe (Chrono Boost)  
  36  3:11  Pylon  
  36  3:14  Probe (Chrono Boost)  
  37  3:22  Oracle (Chrono Boost)  
  37  3:25  Probe (Chrono Boost)  
  40  3:42  Gateway  
  40  3:44  Gateway  
  40  3:46  Gateway  
  39  3:53  Pylon  
  39  4:00  Probe (Chrono Boost), Pylon  
  40  4:06  Probe (Chrono Boost)  
  41  4:11  Probe (Chrono Boost)  
  42  4:18  Probe (Chrono Boost), Gateway  
  42  4:21  Probe (Chrono Boost)  
  44  4:28  Probe (Chrono Boost)  
  44  4:31  Probe (Chrono Boost)  
  46  4:38  Probe (Chrono Boost)  
  46  4:40  Twilight Council  
  46  4:41  Probe (Chrono Boost), Forge  
  48  4:48  Probe (Chrono Boost)  
  48  4:50  Sentry x2  
  48  4:51  Probe (Chrono Boost)  
  54  4:58  Probe (Chrono Boost)  
  55  5:00  Probe (Chrono Boost)  
  55  5:02  Adept x2  
  60  5:13  Protoss Ground Weapons Level 1  
  56  5:15  Blink (Chrono Boost)  
  56  5:21  Probe x2 (Chrono Boost)  
  57  5:26  Nexus  
  58  5:30  Probe (Chrono Boost)  
  58  5:31  Probe (Chrono Boost)  
  58  5:32  Assimilator  
  58  5:33  Sentry x2  
  58  5:34  Assimilator  
  64  5:40  Probe (Chrono Boost)  
  64  5:42  Probe (Chrono Boost)  
  66  5:50  Pylon  
  66  5:55  Probe (Chrono Boost)  
  67  5:57  Adept  
  65  6:05  Adept x2  
  65  6:08  Adept  
  71  6:18  Gateway  
  71  6:19  Gateway  
  71  6:21  Gateway  
  71  6:25  Pylon x2  
  69  6:27  Pylon  
  69  6:28  Pylon  
  69  6:29  Pylon  
  69  6:46  Stalker x3  
  71  6:47  Stalker  
  71  6:49  Mothership Core (Chrono Boost)  
  71  6:52  Pylon  
  71  6:54  Pylon  
  73  7:03  Protoss Ground Weapons Level 2 (Chrono Boost)  
  67  7:14  Adept x4  
  75  7:17  Adept x3  
  75  7:19  Robotics Facility  
  81  7:37  Pylon  
  81  7:38  Stalker x5  
  90  7:57  Stalker x2  
  90  7:58  Pylon, Shield Upgrade  
  94  8:00  Nexus  
  94  8:06  Observer (Chrono Boost)  
  94  8:10  Stalker x2  
  99  8:23  Pylon, Warp Prism (Chrono Boost)  
  97  8:38  Adept x5  
  97  8:39  Adept  
  97  8:40  Sentry  
  111  8:59  Observer (Chrono Boost)  
  112  9:14  Sentry x2  
  112  9:15  Stalker x4  
  112  9:16  Stalker  
  123  9:18  Observer (Chrono Boost)  
  116  9:46  Stalker x3  
  116  9:47  Stalker x3  
  116  9:48  Zealot  
  119  10:06  Observer (Chrono Boost)  
  116  10:09  Adept  
  116  10:10  Adept x4  
  126  10:15  Adept x2  
  127  10:34  Adept x3  
  127  10:35  Adept x4  
Tags
 
Add a new tag
Caveats
  • Supply blocks, unpowered buildings, or Contaminate may cause inaccurate times.
  • Supply counts are checked every 10 seconds.